 Dungeon Sprint DCSS version 0.21.1-1-g345015f (webtiles) character file.

8090 Psiloshibe the Fencer (level 11, -2/145 HPs)
             Began as a Barachi Berserker on May 20, 2018.
             Was an Elder of Trog.
             Killed from afar by a golden dragon (40 damage)
             ... with a bolt of cold
             ... in the Dungeon (Sprint II: "The Violet Keep of Menkaure").
             The game lasted 00:14:58 (1872 turns).

Psiloshibe the Fencer (Barachi Berserker)           Turns: 1872, Time: 00:14:59

Health: -2/145     AC: 16    Str: 23    XL:     11   Next: 25%
Magic:  20/20      EV: 16    Int:  9    God:    Trog [****..]
Gold:   87         SH: 13    Dex: 18    Spells: 10/10 levels left

rFire    . . .     SeeInvis .   a - +4 long sword (holy)
rCold    . . .     Gourm    .   k - +2 shield {AC+3}
rNeg     . . .     Faith    .   l - +1 ring mail of Compression {MR+ Dex+4}
rPois    +         Spirit   .   (no helmet)
rElec    .         Reflect  .   o - +2 cloak {rPois}
rCorr    .         Harm     .   y - +0 pair of gloves
MR       +++..     NoTele   +   (no boots)
Stlth    ..........             (no amulet)
HPRegen  1.34/turn              x - ring of magical power
MPRegen  0.17/turn              (no ring)

@: berserking (expiring), regenerating, hasted, quick
A: +LOS, swims, frail 1, slowness 1, strong legs 1
a: Hop, Berserk, Trog's Hand, Brothers in Arms, Burn Spellbooks, Renounce
Religion


You were in the Dungeon.
You worshipped Trog.
Trog was greatly pleased with you.
You were hungry.

You visited 1 branch You collected 1631 gold pieces.
You spent 1544 gold pieces at shops.

Inventory:

Hand Weapons
 a - a +4 long sword of holy wrath (weapon)
 b - a +1 falchion
Armour
 k - a +2 shield of protection (worn)
 l - the +1 ring mail of Compression (worn) {MR+ Dex+4}
   (You bought it in a shop in the Dungeon)

   It affects your dexterity (+4).
   It affects your resistance to hostile enchantments.
 o - a +2 cloak of poison resistance (worn)
 y - a +0 pair of gloves (worn)
Jewellery
 q - the ring "Egrah" {rPois rF+ rN+ Str+2 Int+3}
   (You bought it in a shop in the Dungeon)

   [ring of positive energy]

   It affects your strength (+2).
   It affects your intelligence (+3).
   It protects you from fire.
   It protects you from poison.
   It protects you from negative energy.
 x - a ring of magical power (left hand)
Scrolls
 c - 4 scrolls of identify
 i - a scroll of blinking
 p - a scroll of enchant weapon
Potions
 d - 3 potions of curing
 e - a potion of heal wounds
 g - 5 potions of magic
 h - 2 potions of berserk rage
 n - a potion of lignification {unknown}
 r - 3 potions of resistance {unknown}
 s - a potion of cancellation {unknown}
 v - a potion of brilliance {unknown}
 z - 6 potions of flight {unknown}
Comestibles
 j - 11 chunks of flesh
 m - 4 rations


   Skills:
 * Level 17.9 Fighting
 * Level 18.6 Long Blades
 * Level 11.7 Armour
 + Level 9.5 Dodging
 + Level 3.3 Stealth
 + Level 6.3 Shields


You had 10 spell levels left.
You didn't know any spells.

Dungeon Overview and Level Annotations

Branches:
Dungeon (1/1)

Altars:
Cheibriados
Dithmenos
Elyvilon
Fedhas
Gozag
Hepliaklqana
Kikubaaqudgha
Makhleb
Nemelex Xobeh
Qazlal
Ru
Sif Muna
Trog
Uskayaw
Vehumet
Wu Jian
Xom
Yredelemnul
Zin
The Shining One
Beogh
Jiyva
Lugonu

Shops:
D [[[:**[!((%?:%=[=?==[!(?(}!}

Annotations:
D exclusion: oklob plant


Innate Abilities, Weirdness & Mutations

Shadows flee at your approach. (+LOS)
You can swim through water.
You cover ground slowly.
You can hop short distances.
You are frail. (-10% HP)


Message History

Your black bear misses the golden dragon.
Your black bear claws the golden dragon but does no damage.
Unknown command.
You slash the golden dragon!
The golden dragon is heavily wounded.
You block the golden dragon's attack.
The golden dragon claws you but does no damage.
The golden dragon closely misses you.
Your black bear barely misses the golden dragon.
Your black bear claws the golden dragon.
Your black bear claws the golden dragon but does no damage.
You completely miss the golden dragon.
The golden dragon is heavily wounded.
You slash the golden dragon!
The golden dragon is severely wounded.
Your black bear closely misses the golden dragon.
Your black bear claws the golden dragon. x2
The golden dragon breathes cold at you. The bolt of cold hits you!
You die...

########### #......'..#
#.[.(..#÷.####
#'######'##..####+####
#∩∩∩∩∩∩#..'.##≈§≈§≈≈≈##
#∩∩∩∩∩∩#.h###§;≈§§§≈≈≈##
#########D@+§;;;;≈≈≈§≈≈#
#.Ce####≈§≈;§≈≈≈≈
#C.........≈##;;;;§≈
############≈≈#+++#+++##
###########≈≈≈..(......#
##.∩.∩....#≈≈≈≈.##)##..#
##..∩.∩...#≈≈≈≈##...##.####
##...∩.∩..#≈≈≈≈#(.#..#....#
##....∩.⌠.#≈≈####().####..##


You could see a golden dragon, a frost giant, a deep elf high priest and a
friendly black bear (berserk).

Vanquished Creatures
  A storm dragon (D)
  A fire dragon (D)
  A yaktaur captain (D)
  A centaur warrior (D)
  A merfolk siren (D)
  A spiny frog (D)
  A polar bear (D)
  A vampire mosquito (D)
  4 neqoxecs (D)
  A necrophage (D)
  4 crocodiles (D)
  An iron imp (D)
  4 worker ants (D)
22 creatures vanquished.

Vanquished Creatures (collateral kills)
  Kirke (D)
  A skeletal warrior (D)
  2 unseen horrors (D)
  An elephant (D)
  A spiny frog (D)
  A kobold demonologist (D)
  2 tyrant leeches (D)
  A polar bear (D)
  2 wyverns (D)
12 creatures vanquished.

Vanquished Creatures (others)
  Menkaure (D)
  A crocodile (D)
  16 tentacles (D)
18 creatures vanquished.

Grand Total: 52 creatures vanquished

Notes
Turn   | Place    | Note
-------+----------+-------------------------------------------
     0 | D        | Psiloshibe the Barachi Berserker began the quest for the Orb.
     0 | D        | Reached XP level 1. HP: 18/18 MP: 1/1
     1 | D        | Noticed a merfolk siren
     7 | D        | Killed a merfolk siren
     7 | D        | Reached skill level 10 in Fighting
     7 | D        | Reached skill level 10 in Long Blades
     7 | D        | Reached skill level 5 in Armour
     7 | D        | Reached skill level 5 in Dodging
     7 | D        | Reached XP level 2. HP: 19/36 MP: 2/2
     7 | D        | Reached XP level 3. HP: 22/42 MP: 3/3
     7 | D        | Reached XP level 4. HP: 25/48 MP: 4/4
     7 | D        | Reached XP level 5. HP: 28/54 MP: 5/5
     7 | D        | Reached XP level 6. HP: 32/61 MP: 6/6
    47 | D        | Killed Menkaure
   196 | D        | Reached ** piety under Trog
   201 | D        | Reached skill level 11 in Long Blades
   254 | D        | Found Enaneerch's Gadget Emporium.
   254 | D        | Found Quddamif's Magic Scroll Shoppe.
   254 | D        | Found Bushred's Antique Weapon Shoppe.
   254 | D        | Found Waurph's Distillery.
   254 | D        | Found Zuix's Jewellery Emporium.
   254 | D        | Found Kufesule's Distillery.
   254 | D        | Found Wiqef's Antique Armour Shoppe.
   255 | D        | Found Una Guli's Magic Scroll Emporium.
   255 | D        | Found Nobar's Book Emporium.
   255 | D        | Found Inoicoun's Magic Scroll Shoppe.
   255 | D        | Found Buecitya's Food Shoppe.
   255 | D        | Noticed a shining eye
   256 | D        | Found Daoqaqaiw's Antique Armour Emporium.
   256 | D        | Noticed a shining eye
   257 | D        | Found Jauth's Jewellery Emporium.
   257 | D        | Found Zukiro's Distillery.
   257 | D        | Noticed a shining eye
   258 | D        | Found Koxue's Antique Armour Shoppe.
   258 | D        | Found Becwaer's Book Shoppe.
   258 | D        | Noticed an oklob plant
   262 | D        | Noticed a redback
   262 | D        | Noticed a redback
   276 | D        | Noticed a slime creature
   277 | D        | Noticed a slime creature
   281 | D        | Noticed a slime creature
   301 | D        | Bought a runed shield for 210 gold pieces
   301 | D        | Bought a translucent ring mail for 252 gold pieces
   311 | D        | Identified the cursed +1 ring mail of Compression {MR+ Dex+4} (You bought it in a shop in the Dungeon)
   333 | D        | Reached *** piety under Trog
   333 | D        | Reached XP level 7. HP: 24/68 MP: 7/7
   498 | D        | Noticed a neqoxec
   498 | D        | Noticed a neqoxec
   498 | D        | Noticed a neqoxec
   498 | D        | Noticed a neqoxec
   505 | D        | Killed a neqoxec
   505 | D        | Reached skill level 12 in Long Blades
   509 | D        | Killed a neqoxec
   515 | D        | Killed a neqoxec
   515 | D        | Reached **** piety under Trog
   515 | D        | Reached skill level 13 in Long Blades
   515 | D        | Reached XP level 8. HP: 78/78 MP: 8/8
   521 | D        | Gained mutation: You are frail. (-10% HP) [a neqoxec]
   523 | D        | Reached skill level 1 in Shields
   541 | D        | Noticed a tyrant leech
   541 | D        | Noticed a tyrant leech
   558 | D        | Killed a tyrant leech
   558 | D        | Reached skill level 1 in Stealth
   566 | D        | Killed a tyrant leech
   578 | D        | Found a stormy altar of Qazlal.
   578 | D        | Found an ornate altar of the Wu Jian Council.
   579 | D        | Found a hazy altar of Hepliaklqana.
   579 | D        | Found a sacrificial altar of Ru.
   584 | D        | Found a shimmering altar of Xom.
   585 | D        | Found a roughly hewn altar of Beogh.
   585 | D        | Found a viscous altar of Jiyva.
   585 | D        | Found a deep blue altar of Sif Muna.
   586 | D        | Found a snail-covered altar of Cheibriados.
   586 | D        | Found an ancient bone altar of Kikubaaqudgha.
   586 | D        | Found a bloodstained altar of Trog.
   587 | D        | Found a shadowy altar of Dithmenos.
   587 | D        | Found a corrupted altar of Lugonu.
   587 | D        | Found a glowing golden altar of the Shining One.
   587 | D        | Found a basalt altar of Yredelemnul.
   587 | D        | Found a hide-covered altar of Uskayaw.
   588 | D        | Found a white marble altar of Elyvilon.
   588 | D        | Found a burning altar of Makhleb.
   589 | D        | Found a blossoming altar of Fedhas.
   589 | D        | Found a sparkling altar of Nemelex Xobeh.
   590 | D        | Found an opulent altar of Gozag.
   615 | D        | Noticed a kraken
   631 | D        | Reached skill level 14 in Long Blades
   878 | D        | Found a glowing silver altar of Zin.
   878 | D        | Found a radiant altar of Vehumet.
   907 | D        | Bought a scroll of remove curse for 42 gold pieces
   934 | D        | Bought the ring "Egrah" {rPois rF+ rN+ Str+2 Int+3} for 535 gold pieces
   941 | D        | Bought a potion of curing for 39 gold pieces
   992 | D        | Noticed a centaur warrior
   992 | D        | Noticed Kirke
   992 | D        | Noticed a skeletal warrior
   992 | D        | Noticed a yaktaur captain
  1020 | D        | Killed Kirke
  1020 | D        | Reached skill level 15 in Fighting
  1020 | D        | Reached skill level 16 in Long Blades
  1020 | D        | Reached XP level 9. HP: 80/80 MP: 9/9
  1022 | D        | Noticed an elephant
  1028 | D        | Killed a yaktaur captain
  1028 | D        | Reached XP level 10. HP: 88/88 MP: 10/10
  1038 | D        | Killed an elephant
  1044 | D        | Killed a skeletal warrior
  1044 | D        | Reached ***** piety under Trog
  1044 | D        | Reached skill level 17 in Long Blades
  1052 | D        | Noticed a kobold demonologist
  1069 | D        | Killed a kobold demonologist
  1069 | D        | Reached skill level 10 in Armour
  1201 | D        | Noticed a fire dragon
  1219 | D        | Killed a fire dragon
  1228 | D        | Killed a centaur warrior
  1228 | D        | Reached skill level 18 in Long Blades
  1434 | D        | Noticed a spiny frog
  1434 | D        | Noticed a spiny frog
  1462 | D        | Killed a spiny frog
  1467 | D        | Killed a spiny frog
  1756 | D        | Killed an unseen horror
  1760 | D        | Killed an unseen horror
  1760 | D        | Reached skill level 5 in Shields
  1760 | D        | Reached XP level 11. HP: 96/96 MP: 11/11
  1789 | D        | Found Mubbom's Armour Emporium.
  1789 | D        | Found Cuaseon's Assorted Antiques.
  1789 | D        | Found Lyrchaur's Armour Shop.
  1789 | D        | Found Neinyso's General Store.
  1789 | D        | Found Sissy's Antique Weapon Boutique.
  1790 | D        | Found Inukhleist's Weapon Shoppe.
  1790 | D        | Found Fusun's Food Boutique.
  1790 | D        | Found Esesaluz's Jewellery Emporium.
  1790 | D        | Found Wocuthru's Weapon Shop.
  1790 | D        | Found Giruos's Jewellery Emporium.
  1790 | D        | Found Ekual's Antique Armour Shop.
  1790 | D        | Found Virinwea's Gadget Shoppe.
  1807 | D        | Bought a runed cloak for 127 gold pieces
  1821 | D        | Bought a +4 long sword of holy wrath for 339 gold pieces
  1839 | D        | Noticed a cacodemon
  1839 | D        | Noticed a storm dragon
  1839 | D        | Noticed a golden dragon
  1840 | D        | Noticed a bone dragon
  1840 | D        | Noticed a frost giant
  1841 | D        | Noticed a deep elf high priest
  1866 | D        | Killed a storm dragon
  1872 | D        | Killed from afar by a golden dragon

Skill      XL: |  1  2  3  4  5  6  7  8  9 10 11 |
---------------+----------------------------------+-----
Fighting       | 10 11 12 15 17 | 17.9
Long Blades    | 10 11 13 16 18 | 18.6
Armour         | 5 6 7 9 11 | 11.7
Dodging        | 5 7 8 9 |  9.5
Shields        | 2 5 6 |  6.3
Stealth        | 1 2 3 |  3.3

Action                   |  1- 3 |  4- 6 |  7- 9 | 10-12 || total
-------------------------+-------+-------+-------+-------++-------
Melee: Falchion          |     4 |    25 |    68 |    89 ||   186
       Long sword        |       |       |       |    17 ||    17
Invok: Berserk           |     1 |     1 |     2 |     2 ||     6
       Trog's Hand       |       |       |     3 |     6 ||     9
       Brothers in Arms  |       |       |     2 |     4 ||     6
 Abil: Hop               |       |       |     2 |       ||     2
  Use: Scroll            |       |       |     6 |       ||     6
       Potion            |       |       |       |     1 ||     1
 Stab: Distracted        |       |       |       |     1 ||     1
  Eat: Ration            |       |       |     2 |     1 ||     3
       Chunk             |       |       |       |     3 ||     3
Armor: Animal skin       |       |     1 |       |       ||     1
       Ring mail         |       |       |     8 |    26 ||    34
Dodge: Dodged            |     2 |    16 |    16 |    43 ||    77
Block: Shield            |       |       |    19 |    51 ||    70
       Rpst.: Falchion   |     1 |     7 |     6 |     9 ||    23
       Long sword        |       |       |       |     3 ||     3
